 Dungeon Crawl Stone Soup version 0.30-a0-168-g0b976cbdc4 (webtiles) character file.

Game seed: 1682891855327177188

58391 qw the Severer (level 14, -2/92 HPs)
             Began as a Gargoyle Fighter on Sept 29, 2022.
             Was a High Priest of Okawaru.
             Slain by a cyclops (17 damage)
             ... on level 10 of the Dungeon.
             The game lasted 00:07:13 (18069 turns).

qw the Severer (Gargoyle Fighter)                  Turns: 18069, Time: 00:07:14

Health: -2/92      AC: 41    Str: 27      XL:     14   Next: 90%
Magic:  19/21      EV: 10    Int: 11      God:    Okawaru [*****.]
Gold:   988        SH:  7    Dex:  9 (10) Spells: 13/13 levels left

rFire   + . .      SeeInvis .    m - +6 war axe "Moaxis" {venom, +Blink rElec Str+4 Dex+3}
rCold   . . .      Faith    .    c - +0 buckler
rNeg    + . .      Spirit   .    i - +0 plate armour
rPois   inf        Reflect  .    u - +2 hat
rElec   +          Harm     .    a - +2 cloak
rCorr   .          Rampage  .    l - +1 pair of gloves
Will    ++...                    v - +0 pair of boots
Stlth   ..........               (no amulet)
HPRegen 0.25/turn                j - +4 ring of protection
MPRegen 0.17/turn                s - ring of willpower

@: about to teleport, heroic, flying
A: sickness immunity, AC +10, big wings, negative energy resistance 1,
electricity resistance, torment resistance 1, petrification resistance, clumsy
1, deterioration 1, fire resistance 1
a: Renounce Religion, Evoke Blink, Heroism, Finesse, Duel


You were on level 10 of the Dungeon.
You worshipped Okawaru.
Okawaru was extremely pleased with you.
You visited 3 branches of the dungeon, and saw 16 of its levels.

You collected 1384 gold pieces.
You spent 396 gold pieces at shops.


Innate Abilities, Weirdness & Mutations

You are immune to sickness and miasma.
Your stone body is resilient. (AC +10)
You are immune to poison.
Your large and strong wings let you fly.
You resist negative energy. (rN+)
You are resistant to electric shocks. (rElec)
You are resistant to unholy torment.
You are immune to petrification.
You are clumsy. (Dex -2)
Your body sometimes deteriorates upon taking damage.
Your flesh is heat resistant. (rF+)


   Skills:
 - Level 12.0(17.0) Fighting
 - Level 16.0(21.0) Axes
 - Level 5.0(10.0) Throwing
 + Level 11.0(16.0) Armour
 - Level 3.1(8.1) Dodging
 - Level 8.1(13.1) Shields
 - Level 10.0 Invocations


You had 13 spell levels left.
You didn't know any spells.
Your spell library was empty.

Inventory:

Hand Weapons
 h - a +2 morningstar of draining
 m - the +6 war axe "Moaxis" (weapon) {venom, +Blink rElec Str+4 Dex+3}
   (You found it on level 4 of the Dungeon)

   It poisons the flesh of those it strikes.
   Str:       It affects your strength (+4).
   Dex:       It affects your dexterity (+3).
   rElec:     It insulates you from electricity.
   +Blink:    It lets you blink.
Missiles
 w - 6 boomerangs
 x - a javelin (quivered)
Armour
 a - a +2 cloak (worn)
 c - a +0 buckler (worn)
 i - a +0 plate armour (worn)
 l - a +1 pair of gloves (worn)
 u - a +2 hat (worn)
 v - a +0 pair of boots (worn)
 z - a scarf of harm
Jewellery
 j - a +4 ring of protection (left hand)
 s - a ring of willpower (right hand)
Scrolls
 b - 9 scrolls of identify
 f - a scroll of teleportation
 y - a scroll of acquirement {unknown}
Potions
 d - 7 potions of might
 e - 9 potions of curing
 g - 3 potions of lignification
 k - 5 potions of attraction
 n - a potion of cancellation
 o - 2 potions of mutation
 p - a potion of resistance
 q - 3 potions of haste
 r - 3 potions of heal wounds
 t - a potion of magic

Dungeon Overview and Level Annotations

Branches:
Dungeon (10/15)            Temple (1/1) D:5            Lair (5/5) D:8
 Shoals (0/4) Lair:3       Spider (0/4) Lair:3        Slime (0/5) Lair:4
    Orc (0/2) D:9

Altars:
Ashenzari
Cheibriados
Dithmenos
Elyvilon
Fedhas
Gozag
Hepliaklqana
Kikubaaqudgha
Makhleb
Nemelex Xobeh
Okawaru
Qazlal
Ru
Sif Muna
Trog
Uskayaw
Vehumet
Wu Jian
Xom
Yredelemnul
Zin
The Shining One

Shops:
D:4 !

Portals:
Bailey: D:10

Annotations:
D:10 1 runed translucent door
Lair:5 3 runed translucent doors, qw's ghost, journeyman GrFi


Message History

You slash the hornet!
The hornet is heavily wounded.
You slice the death knight!!
The death knight is poisoned.
The death knight reflects your damage back at you!
You hear a shout!
The death knight reflects your damage back at you!
The hornet stings you but does no damage.
The death knight hits you with a +2 morningstar of draining!
Your body deteriorates!
You feel clumsy.
A cyclops comes into view.
You slice the death knight!!
The death knight looks as sick as possible!
The death knight is severely wounded.
You hit the hornet.
The hornet is poisoned.
The death knight reflects your damage back at you! x2
You block the hornet's attack.
The death knight hits you but does no damage.
You hit the death knight.
The death knight looks as sick as possible!
The death knight is severely wounded.
You slice the hornet!!
You kill the hornet!
Okawaru accepts your kill.
The death knight reflects your damage back at you!
You slice the death knight!!
You kill the death knight!
Okawaru accepts your kill.
You barely miss the tengu warrior.
Your damage is reflected back at you!
The tengu warrior barely misses you.
The tengu warrior pecks you but does no damage.
The tengu warrior barely misses you.
A cyclops comes into view.
Your base Shields skill increases to level 8!
18069 ||| READING 2 scrolls of teleportation.
As you read the scroll of teleportation, it crumbles to dust.
You feel strangely unstable. The tengu warrior barely misses you.
You block the tengu warrior's attack.
The tengu warrior claws you but does no damage.
The cyclops hits you!
You die...

#.....## #.#...#
#######.##.##
........#..#
##.####...## #
#.##...### .#########
##....### #.#...#..###
#...###. #$
#.#..?..#..### ..###..#
#.p.#@#.......#..###
###..###
#CQ.###..#...#..###
.....+..
#...H#....#...#..)#...
###..###
.Q###...####.#...#..###
..###..# C#.#.
#...#.)###.. #...###.
=.#. .( #.#.:###...#
#.#...### (.#. .(
#..###.....#
#.###...### #####
..#####...###.#
#.###.....##
...##....## #.#


You could see a tengu warrior, a manticore and 2 cyclopes.

Vanquished Creatures
  4 hydras
  A catoblepas (Lair:5)
  A death knight (D:10)
  A two-headed ogre (D:9)
  A boulder beetle (Lair:1)
  Urug (Lair:4)
  10 death yaks (Lair:5)
  An orc knight (D:10)
  3 oklob plants (Lair:4)
  3 black mambas
  11 elephants
  2 merfolk sirens (Lair:3)
  10 cane toads
  Joseph (D:8)
  2 torpor snails (Lair:4)
  4 kobold demonologists (D:9)
  8 komodo dragons
  2 rime drakes
  2 merfolk (Lair:3)
  2 trolls (D:10)
  6 hornets
  8 polar bears
  Prince Ribbit (D:8)
  A hornet (shapeshifter) (D:10)
  Grinder (D:4)
  9 dream sheep
  42 blink frogs
  13 spriggans (Lair:5)
  2 culicivoras (Lair:3)
  2 jumping spiders (Lair:3)
  2 vampires (D:9)
  2 wyverns
  37 yaks
  2 steam dragons
  2 redbacks (Lair:3)
  2 basilisks
  Menkaure (D:7)
  Edmund (D:5)
  13 water moccasins
  6 orc warriors
  An ice beast (D:8)
  A sky beast (D:7)
  2 ogres
  2 black bears (Lair:5)
  23 wolves
  3 boggarts (Lair:5)
  A centaur (D:10)
  3 kobold brigands
  4 phantoms
  A gnoll sergeant (D:7)
  2 necrophages
  15 bullfrogs
  2 scorpions
  8 wights
  2 troll zombies (D:9)
  9 killer bees (D:10)
  2 howler monkeys (D:5)
  2 jellies
  A quasit (D:8)
  A gnoll bouda (D:7)
  5 orc priests
  4 hounds
  7 iguanas
  11 orc wizards
  6 ogre zombies (D:9)
  8 gnolls (D:7)
  5 adders
  5 shadow imps (D:8)
  17 white imps
  2 ufetubi
  4 worms
  6 dart slugs
  39 orcs
  6 ball pythons
  3 endoplasms
  5 giant cockroaches
  9 goblins
  3 hobgoblins
  9 kobolds
  6 quokkas
  3 bats
  7 frilled lizards
  2 goblin skeletons (D:9)
  2 goblin zombies (D:9)
  A hobgoblin skeleton (D:9)
  2 hobgoblin zombies (D:9)
  2 orc skeletons (D:9)
  16 orc zombies (D:9)
  6 rats
509 creatures vanquished.

Vanquished Creatures (others)
  An orc wizard (D:8)
  3 demonic plants (D:8)
  21 fungi
  32 plants
57 creatures vanquished.

Grand Total: 566 creatures vanquished

Notes
Turn   | Place    | Note
-------+----------+-------------------------------------------
     0 | D:1      | qw the Gargoyle Fighter began the quest for the Orb.
     0 | D:1      | Reached XP level 1. HP: 14/14 MP: 1/1
     0 | D:1      | 0 ||| qw: Version: 0.2-a-12-gaebbb33
     0 | D:1      | 0 ||| qw: Game counter: 1186
     0 | D:1      | 0 ||| qw: Always use a shield: true
     0 | D:1      | 0 ||| qw: God list: Okawaru
     0 | D:1      | 0 ||| qw: Allow faded altars: false
     0 | D:1      | 0 ||| qw: Do Orc after D:15 true
     0 | D:1      | 0 ||| qw: Do second Lair branch before Depths: true
     0 | D:1      | 0 ||| qw: Lair rune preference: random
     0 | D:1      | 0 ||| qw: Plans: Normal, Zot:1-4, God:TSO, Crypt, Tomb,
                  | Pan, Slime:5, Hells, Abyss, Orb
     0 | D:1      | 0 ||| PLANNING D:1-11
    84 | D:1      | Reached skill level 2 in Axes
   336 | D:1      | Reached XP level 2. HP: 11/19 MP: 2/2
   553 | D:1      | 553 ||| Stepping ~*~*~tactically~*~*~ (hiding).
   590 | D:1      | 590 ||| READING scroll labelled IVIGIW IPAASH.
   591 | D:1      | 591 ||| READING scroll labelled TUMIMU ZEUR.
   592 | D:1      | 592 ||| READING scroll labelled WOONEULLED.
   593 | D:1      | 593 ||| DRINKING 2 murky black potions.
   639 | D:2      | 639 ||| Stepping ~*~*~tactically~*~*~ (hiding).
   756 | D:2      | 756 ||| Stepping ~*~*~tactically~*~*~ (hiding).
   769 | D:2      | 769 ||| Stepping ~*~*~tactically~*~*~ (stealth).
   792 | D:2      | Reached skill level 3 in Axes
   792 | D:2      | Reached XP level 3. HP: 23/23 MP: 3/3
   812 | D:2      | 812 ||| Stepping ~*~*~tactically~*~*~ (stealth).
  1342 | D:2      | 1342 ||| Stepping ~*~*~tactically~*~*~ (hiding).
  1679 | D:2      | 1679 ||| Stepping ~*~*~tactically~*~*~ (stealth).
  1702 | D:2      | Reached XP level 4. HP: 28/28 MP: 4/4
  1720 | D:2      | 1720 ||| UPGRADING to +2 cloak.
  1725 | D:2      | 1725 ||| UPGRADING to +0 plate armour.
  1735 | D:2      | 1735 ||| DROPPING +0 scale mail.
  1736 | D:2      | 1736 ||| READING scroll labelled RICWU GUOSIR.
  1737 | D:2      | 1737 ||| READING scroll labelled ZUGHALI HERY.
  1738 | D:2      | 1738 ||| DRINKING 3 sapphire potions.
  2054 | D:3      | Found a faded altar of an unknown god.
  2243 | D:3      | Reached skill level 4 in Axes
  2561 | D:3      | 2561 ||| Stepping ~*~*~tactically~*~*~ (hiding).
  2562 | D:3      | 2562 ||| Stepping ~*~*~tactically~*~*~ (hiding).
  2731 | D:3      | Found a glowing silver altar of Zin.
  2756 | D:3      | 2756 ||| UPGRADING to +0 pair of gloves.
  2761 | D:3      | 2761 ||| UPGRADING to +4 ring of protection.
  2762 | D:3      | 2762 ||| READING scroll labelled XUEHEPS RUROS.
  2763 | D:3      | 2763 ||| DRINKING 3 fizzy black potions.
  2764 | D:3      | 2764 ||| READING 2 scrolls of identify.
  2764 | D:3      | 2764 ||| IDENTIFYING fizzy golden potion
  2765 | D:3      | 2765 ||| DROPPING 2 potions of brilliance.
  2793 | D:4      | 2793 ||| PLANNING SEWER
  2947 | D:4      | Noticed Grinder
  2948 | D:4      | 2948 ||| Stepping ~*~*~tactically~*~*~ (hiding).
  2953 | D:4      | Noticed an ogre
  2961 | D:4      | Killed an ogre
  2962 | D:4      | Reached skill level 5 in Axes
  2962 | D:4      | Reached XP level 5. HP: 32/32 MP: 5/5
  2967 | D:4      | Paralysed by Grinder for 2 turns
  2977 | D:4      | Paralysed by Grinder for 4 turns
  2981 | D:4      | Killed Grinder
  2982 | D:4      | Reached XP level 6. HP: 22/40 MP: 6/6
  3120 | D:4      | Identified the +6 short sword of the Heavens {vamp, rPois}
  3162 | D:4      | 3162 ||| Stepping ~*~*~tactically~*~*~ (hiding).
  3375 | D:4      | Identified the +6 war axe "Moaxis" {venom, +Blink rElec
                  | Str+4 Dex+3}
  3377 | D:4      | 3377 ||| SWAPPING to +6 war axe "Moaxis" {venom, +Blink
                  | rElec Str+4 Dex+3}.
  3378 | D:4      | 3378 ||| DROPPING +0 war axe.
  3571 | D:4      | Found Wyopreg's Distillery.
  3577 | D:4      | 3577 ||| BUYING 2 potions of curing (66 gold).
  3577 | D:4      | Bought 2 potions of curing for 66 gold pieces
  3577 | D:4      | 3577 ||| BUYING potion of curing (33 gold).
  3577 | D:4      | Bought a potion of curing for 33 gold pieces
  3577 | D:4      | 3577 ||| BUYING potion of haste (110 gold).
  3577 | D:4      | Bought a potion of haste for 110 gold pieces
  3577 | D:4      | 3577 ||| BUYING potion of heal wounds (55 gold).
  3577 | D:4      | Bought a potion of heal wounds for 55 gold pieces
  3577 | D:4      | 3577 ||| BUYING potion of heal wounds (55 gold).
  3577 | D:4      | Bought a potion of heal wounds for 55 gold pieces
  3577 | D:4      | 3577 ||| BUYING potion of lignification (33 gold).
  3577 | D:4      | Bought a potion of lignification for 33 gold pieces
  3577 | D:4      | 3577 ||| BUYING potion of might (44 gold).
  3577 | D:4      | Bought a potion of might for 44 gold pieces
  3577 | D:4      | 3577 ||| SHOPLISTING potion of mutation (88 gold, have 3).
  3580 | D:4      | 3580 ||| RIP SEWER
  3614 | D:4      | 3614 ||| PLANNING D:1-11
  3643 | D:4      | 3643 ||| READING scroll labelled NIWUFUD VUTHRIZ.
  3644 | D:4      | 3644 ||| DRINKING 2 sedimented grey potions.
  3644 | D:4      | Gained mutation: Your body sometimes deteriorates upon
                  | taking damage. [potion of mutation]
  3644 | D:4      | Gained mutation: You are clumsy. (Dex -2) [potion of
                  | mutation]
  3644 | D:4      | Gained mutation: Your flesh is heat resistant. (rF+)
                  | [potion of mutation]
  3645 | D:4      | 3645 ||| READING 3 scrolls of identify.
  3645 | D:4      | 3645 ||| IDENTIFYING grey potion
  3646 | D:4      | 3646 ||| READING 2 scrolls of identify.
  3646 | D:4      | 3646 ||| IDENTIFYING viscous brown potion
  3647 | D:4      | 3647 ||| DROPPING potion of degeneration.
  3680 | D:5      | Entered Level 5 of the Dungeon
  3711 | D:5      | Found a staircase to the Ecumenical Temple.
  3712 | D:5      | 3712 ||| PLANNING TEMPLE
  3719 | Temple   | Entered the Ecumenical Temple
  3722 | Temple   | 3722 ||| PLANNING OKAWARU WORSHIP
  3908 | Temple   | Became a worshipper of Warmaster Okawaru
  3909 | Temple   | 3909 ||| PLANNING D:1-11
  3953 | D:5      | Reached XP level 7. HP: 44/44 MP: 7/7
  3963 | D:5      | Reached skill level 6 in Axes
  3972 | D:5      | 3972 ||| Stepping ~*~*~tactically~*~*~ (stealth).
  3974 | D:5      | 3974 ||| Stepping ~*~*~tactically~*~*~ (stealth).
  3980 | D:5      | Reached skill level 1 in Dodging
  4033 | D:5      | 4033 ||| DROPPING +0 mace.
  4158 | D:5      | 4158 ||| Stepping ~*~*~tactically~*~*~ (stealth).
  4160 | D:5      | 4160 ||| Stepping ~*~*~tactically~*~*~ (stealth).
  4169 | D:5      | Reached * piety under Okawaru
  4170 | D:5      | 4170 ||| INVOKING Heroism.
  4179 | D:5      | Reached skill level 1 in Invocations
  4179 | D:5      | Reached XP level 8. HP: 38/50 MP: 5/8
  4224 | D:5      | 4224 ||| Stepping ~*~*~tactically~*~*~ (stealth).
  4225 | D:5      | 4225 ||| FLEEEEING.
  4226 | D:5      | 4226 ||| FLEEEEING.
  4227 | D:5      | 4227 ||| FLEEEEING.
  4228 | D:5      | 4228 ||| FLEEEEING.
  4267 | D:5      | Found a hazy altar of Hepliaklqana.
  4268 | D:5      | 4268 ||| Stepping ~*~*~tactically~*~*~ (hiding).
  4269 | D:5      | 4269 ||| Stepping ~*~*~tactically~*~*~ (hiding).
  4404 | D:5      | Found a white marble altar of Elyvilon.
  4443 | D:5      | 4443 ||| DRINKING 4 potions of curing.
  4443 | D:5      | 4443 ||| (to cure confusion)
  4448 | D:5      | 4448 ||| DROPPING +2 flail of holy wrath.
  4521 | D:5      | Noticed Edmund
  4522 | D:5      | 4522 ||| INVOKING Heroism.
  4529 | D:5      | Killed Edmund
  4530 | D:5      | Reached skill level 3 in Invocations
  4813 | D:5      | 4813 ||| READING 2 scrolls labelled XOH CAETEOJESK.
  4814 | D:5      | 4814 ||| READING scroll labelled TIUPHA GEEFA.
  4817 | D:5      | 4817 ||| DROPPING scroll of poison.
  4829 | D:6      | 4829 ||| INVOKING Heroism.
  4830 | D:6      | 4830 ||| STAIRDANCE
  4847 | D:6      | 4847 ||| STAIRDANCE
  4849 | D:5      | 4849 ||| INVOKING Heroism.
  4868 | D:6      | 4868 ||| STAIRDANCE
  4874 | D:6      | 4874 ||| Stepping ~*~*~tactically~*~*~ (hiding).
  4875 | D:6      | 4875 ||| INVOKING Heroism.
  4939 | D:6      | Found a broken altar of Ashenzari.
  4958 | D:6      | 4958 ||| Stepping ~*~*~tactically~*~*~ (stealth).
  4959 | D:6      | 4959 ||| Stepping ~*~*~tactically~*~*~ (stealth).
  4962 | D:6      | 4962 ||| Stepping ~*~*~tactically~*~*~ (stealth).
  4968 | D:6      | Reached skill level 7 in Axes
  5214 | D:6      | 5214 ||| INVOKING Heroism.
  5217 | D:6      | Reached skill level 1 in Throwing
  5280 | D:6      | Found a burning altar of Makhleb.
  5419 | D:6      | 5419 ||| READING scroll labelled WIATRO MOVVUE.
  5520 | D:6      | 5520 ||| READING 2 scrolls of identify.
  5520 | D:6      | 5520 ||| IDENTIFYING fizzy emerald potion
  5521 | D:6      | 5521 ||| DROPPING potion of ambrosia.
  5660 | D:7      | 5660 ||| Stepping ~*~*~tactically~*~*~ (stealth).
  5662 | D:7      | 5662 ||| Stepping ~*~*~tactically~*~*~ (stealth).
  5670 | D:7      | 5670 ||| Stepping ~*~*~tactically~*~*~ (stealth).
  5673 | D:7      | 5673 ||| Stepping ~*~*~tactically~*~*~ (stealth).
  5674 | D:7      | 5674 ||| INVOKING Heroism.
  5694 | D:7      | 5694 ||| Stepping ~*~*~tactically~*~*~ (stealth).
  5695 | D:7      | 5695 ||| Stepping ~*~*~tactically~*~*~ (stealth).
  5740 | D:7      | 5740 ||| FLEEEEING.
  5741 | D:7      | 5741 ||| FLEEEEING.
  5742 | D:7      | 5742 ||| FLEEEEING.
  5743 | D:7      | 5743 ||| FLEEEEING.
  5744 | D:7      | 5744 ||| FLEEEEING.
  5745 | D:7      | 5745 ||| FLEEEEING.
  5747 | D:7      | 5747 ||| FLEEEEING.
  5748 | D:7      | 5748 ||| FLEEEEING.
  5757 | D:7      | 5757 ||| FLEEEEING.
  5758 | D:7      | 5758 ||| FLEEEEING.
  5763 | D:7      | 5763 ||| FLEEEEING.
  5772 | D:7      | 5772 ||| FLEEEEING.
  5773 | D:7      | 5773 ||| FLEEEEING.
  5779 | D:7      | 5779 ||| INVOKING Heroism.
  5782 | D:7      | HP: 11/50 [orc priest/divine providence (13)]
  5783 | D:7      | 5783 ||| DRINKING 4 potions of heal wounds.
  5864 | D:7      | 5864 ||| Stepping ~*~*~tactically~*~*~ (stealth).
  5865 | D:7      | 5865 ||| INVOKING Heroism.
  5872 | D:7      | Reached XP level 9. HP: 39/54 MP: 9/12
  5972 | D:7      | Reached skill level 8 in Axes
  6056 | D:7      | 6056 ||| Stepping ~*~*~tactically~*~*~ (stealth).
  6059 | D:7      | 6059 ||| INVOKING Heroism.
  6068 | D:7      | Reached ** piety under Okawaru
  6168 | D:7      | 6168 ||| INVOKING Heroism.
  6178 | D:7      | Reached skill level 6 in Fighting
  6200 | D:7      | Noticed Menkaure
  6201 | D:7      | 6201 ||| Stepping ~*~*~tactically~*~*~ (hiding).
  6202 | D:7      | 6202 ||| Stepping ~*~*~tactically~*~*~ (hiding).
  6204 | D:7      | 6204 ||| INVOKING Heroism.
  6215 | D:7      | Killed Menkaure
  6543 | D:7      | 6543 ||| Stepping ~*~*~tactically~*~*~ (stealth).
  6692 | D:7      | Found a stormy altar of Qazlal.
  6921 | D:7      | 6921 ||| READING 3 scrolls labelled OFYEDO GUTALOFODU.
  6922 | D:7      | 6922 ||| READING 2 scrolls of identify.
  6922 | D:7      | 6922 ||| IDENTIFYING fizzy cyan potion
  6923 | D:7      | 6923 ||| DROPPING 2 scrolls of amnesia.
  6981 | D:8      | 6981 ||| Stepping ~*~*~tactically~*~*~ (stealth).
  6983 | D:8      | 6983 ||| Stepping ~*~*~tactically~*~*~ (hiding).
  7134 | D:8      | Reached skill level 9 in Axes
  7148 | D:8      | 7148 ||| INVOKING Heroism.
  7165 | D:8      | Noticed a komodo dragon
  7168 | D:8      | Noticed Prince Ribbit
  7170 | D:8      | Killed a komodo dragon
  7171 | D:8      | Reached skill level 6 in Armour
  7172 | D:8      | 7172 ||| INVOKING Heroism.
  7177 | D:8      | Killed Prince Ribbit
  7177 | D:8      | Reached *** piety under Okawaru
  7187 | D:8      | Reached XP level 10. HP: 63/63 MP: 11/13
  7245 | D:8      | 7245 ||| Stepping ~*~*~tactically~*~*~ (hiding).
  7264 | D:8      | 7264 ||| Stepping ~*~*~tactically~*~*~ (stealth).
  7266 | D:8      | 7266 ||| Stepping ~*~*~tactically~*~*~ (hiding).
  7278 | D:8      | Noticed Joseph
  7279 | D:8      | 7279 ||| Stepping ~*~*~tactically~*~*~ (stealth).
  7280 | D:8      | 7280 ||| Stepping ~*~*~tactically~*~*~ (stealth).
  7297 | D:8      | 7297 ||| INVOKING Heroism.
  7298 | D:8      | Killed Joseph
  7445 | D:8      | 7445 ||| Stepping ~*~*~tactically~*~*~ (hiding).
  7448 | D:8      | 7448 ||| INVOKING Heroism.
  7452 | D:8      | 7452 ||| Stepping ~*~*~tactically~*~*~ (hiding).
  7477 | D:8      | Reached skill level 10 in Axes
  7543 | D:8      | Found a bloodstained altar of Trog.
  7595 | D:8      | Found a staircase to the Lair.
  7669 | D:8      | 7669 ||| PLANNING LAIR
  7696 | Lair:1   | Entered Level 1 of the Lair of Beasts
  7698 | Lair:1   | 7698 ||| INVOKING Heroism.
  7709 | Lair:1   | Noticed an elephant
  7714 | Lair:1   | Noticed an elephant
  7714 | Lair:1   | Noticed an elephant
  7716 | Lair:1   | Noticed an elephant
  7725 | Lair:1   | 7725 ||| INVOKING Heroism.
  7727 | Lair:1   | Noticed an elephant
  7729 | Lair:1   | Killed an elephant
  7729 | Lair:1   | Received a gift from Okawaru
  7732 | Lair:1   | Killed an elephant
  7734 | Lair:1   | Killed an elephant
  7734 | Lair:1   | Reached **** piety under Okawaru
  7737 | Lair:1   | Killed an elephant
  7742 | Lair:1   | Killed an elephant
  7883 | Lair:1   | 7883 ||| INVOKING Heroism.
  7889 | Lair:1   | Received a gift from Okawaru
  7890 | Lair:1   | Reached XP level 11. HP: 53/68 MP: 11/14
  7890 | Lair:1   | 7890 ||| Stepping ~*~*~tactically~*~*~ (stealth).
  7891 | Lair:1   | 7891 ||| Stepping ~*~*~tactically~*~*~ (stealth).
  7892 | Lair:1   | 7892 ||| Stepping ~*~*~tactically~*~*~ (stealth).
  7906 | Lair:1   | Reached skill level 6 in Invocations
  7910 | Lair:1   | Reached skill level 11 in Axes
  8241 | Lair:1   | Noticed a boulder beetle
  8242 | Lair:1   | 8242 ||| INVOKING Heroism.
  8248 | Lair:1   | Killed a boulder beetle
  8398 | Lair:1   | 8398 ||| INVOKING Heroism.
  8559 | Lair:1   | 8559 ||| Stepping ~*~*~tactically~*~*~ (stealth).
  8574 | Lair:1   | Reached ***** piety under Okawaru
  8575 | Lair:1   | Reached skill level 3 in Throwing
  8652 | Lair:1   | 8652 ||| READING scroll of enchant armour.
  8652 | Lair:1   | 8652 ||| ENCHANTING +0 pair of gloves.
  8877 | Lair:1   | 8877 ||| INVOKING Heroism.
  9260 | Lair:1   | 9260 ||| UPGRADING to +0 pair of boots.
  9265 | Lair:1   | 9265 ||| READING scroll labelled TESCHISHUJE.
  9286 | Lair:2   | 9286 ||| STAIRDANCE
  9288 | Lair:1   | 9288 ||| INVOKING Heroism.
  9293 | Lair:1   | Received a gift from Okawaru
  9305 | Lair:2   | 9305 ||| STAIRDANCE
  9369 | Lair:2   | 9369 ||| INVOKING Heroism.
  9373 | Lair:2   | Received a gift from Okawaru
  9475 | Lair:2   | 9475 ||| INVOKING Heroism.
  9476 | Lair:2   | Found a frozen archway.
  9490 | Lair:2   | Noticed a six-headed hydra
  9491 | Lair:2   | 9491 ||| INVOKING Finesse.
  9497 | Lair:2   | 9497 ||| SWAPPING to +0 morningstar.
  9510 | Lair:2   | Killed a six-headed hydra
  9511 | Lair:2   | 9511 ||| SWAPPING to +6 war axe "Moaxis" {venom, +Blink
                  | rElec Str+4 Dex+3}.
  9757 | Lair:2   | Reached skill level 9 in Fighting
  9801 | Lair:2   | 9801 ||| INVOKING Heroism.
  9858 | Lair:2   | 9858 ||| INVOKING Heroism.
 10036 | Lair:2   | 10036 ||| INVOKING Heroism.
 10041 | Lair:2   | 10041 ||| Stepping ~*~*~tactically~*~*~ (stealth).
 10048 | Lair:2   | Reached skill level 9 in Invocations
 10065 | Lair:2   | Reached XP level 12. HP: 76/76 MP: 18/18
 10069 | Lair:2   | Identified the +10 shortbow of Understanding {freeze,
                  | rElec} (Okawaru gifted it to you on level 2 of the Lair of
                  | Beasts)
 10069 | Lair:2   | Received a gift from Okawaru
 10113 | Lair:2   | 10113 ||| INVOKING Heroism.
 10549 | Lair:2   | 10549 ||| UPGRADING to +2 hat.
 10567 | Lair:3   | 10567 ||| INVOKING Heroism.
 10569 | Lair:3   | 10569 ||| STAIRDANCE
 10618 | Lair:3   | 10618 ||| STAIRDANCE
 10712 | Lair:3   | 10712 ||| INVOKING Heroism.
 10727 | Lair:3   | Reached skill level 12 in Axes
 10853 | Lair:3   | 10853 ||| INVOKING Heroism.
 10861 | Lair:3   | Reached skill level 9 in Armour
 10936 | Lair:3   | 10936 ||| INVOKING Heroism.
 10943 | Lair:3   | Reached skill level 6 in Shields
 10958 | Lair:3   | 10958 ||| Stepping ~*~*~tactically~*~*~ (stealth).
 11045 | Lair:3   | Found a hole to the Spider Nest.
 11152 | Lair:3   | 11152 ||| Stepping ~*~*~tactically~*~*~ (stealth).
 11155 | Lair:3   | 11155 ||| INVOKING Heroism.
 11288 | Lair:3   | 11288 ||| DROPPING +2 flail of venom.
 11522 | Lair:3   | 11522 ||| Stepping ~*~*~tactically~*~*~ (hiding).
 11585 | Lair:3   | 11585 ||| INVOKING Heroism.
 11591 | Lair:3   | Received a gift from Okawaru
 11656 | Lair:3   | 11656 ||| Stepping ~*~*~tactically~*~*~ (stealth).
 11658 | Lair:3   | 11658 ||| Stepping ~*~*~tactically~*~*~ (stealth).
 11660 | Lair:3   | 11660 ||| Stepping ~*~*~tactically~*~*~ (stealth).
 11663 | Lair:3   | 11663 ||| INVOKING Heroism.
 11841 | Lair:3   | 11841 ||| INVOKING Heroism.
 11846 | Lair:3   | Found a staircase to the Shoals.
 12059 | Lair:3   | 12059 ||| DROPPING amulet of magic regeneration.
 12060 | Lair:3   | 12060 ||| DROPPING +6 ring of intelligence.
 12061 | Lair:3   | 12061 ||| READING 3 scrolls of identify.
 12061 | Lair:3   | 12061 ||| IDENTIFYING clear potion
 12062 | Lair:3   | 12062 ||| DROPPING potion of flight.
 12088 | Lair:4   | Reached skill level 13 in Axes
 12185 | Lair:4   | 12185 ||| Stepping ~*~*~tactically~*~*~ (stealth).
 12190 | Lair:4   | 12190 ||| Stepping ~*~*~tactically~*~*~ (stealth).
 12192 | Lair:4   | 12192 ||| Stepping ~*~*~tactically~*~*~ (stealth).
 12194 | Lair:4   | 12194 ||| INVOKING Heroism.
 12209 | Lair:4   | Reached XP level 13. HP: 81/82 MP: 18/20
 12221 | Lair:4   | 12221 ||| Stepping ~*~*~tactically~*~*~ (stealth).
 12223 | Lair:4   | 12223 ||| INVOKING Heroism.
 12280 | Lair:4   | Noticed Urug
 12281 | Lair:4   | 12281 ||| Stepping ~*~*~tactically~*~*~ (hiding).
 12285 | Lair:4   | 12285 ||| INVOKING Heroism.
 12286 | Lair:4   | 12286 ||| INVOKING Finesse.
 12298 | Lair:4   | Killed Urug
 12413 | Lair:4   | 12413 ||| INVOKING Heroism.
 12414 | Lair:4   | 12414 ||| INVOKING Finesse.
 12417 | Lair:4   | 12417 ||| SWAPPING to +0 morningstar.
 12419 | Lair:4   | 12419 ||| Stepping ~*~*~tactically~*~*~ (outnumbered).
 12420 | Lair:4   | 12420 ||| Stepping ~*~*~tactically~*~*~ (outnumbered).
 12421 | Lair:4   | 12421 ||| Stepping ~*~*~tactically~*~*~ (outnumbered).
 12422 | Lair:4   | 12422 ||| Stepping ~*~*~tactically~*~*~ (outnumbered).
 12424 | Lair:4   | 12424 ||| Stepping ~*~*~tactically~*~*~ (outnumbered).
 12425 | Lair:4   | 12425 ||| Stepping ~*~*~tactically~*~*~ (outnumbered).
 12426 | Lair:4   | 12426 ||| Stepping ~*~*~tactically~*~*~ (outnumbered).
 12427 | Lair:4   | 12427 ||| Stepping ~*~*~tactically~*~*~ (outnumbered).
 12428 | Lair:4   | 12428 ||| Stepping ~*~*~tactically~*~*~ (outnumbered).
 12440 | Lair:4   | 12440 ||| SWAPPING to +6 war axe "Moaxis" {venom, +Blink
                  | rElec Str+4 Dex+3}.
 12710 | Lair:4   | 12710 ||| INVOKING Heroism.
 12711 | Lair:4   | 12711 ||| INVOKING Finesse.
 12712 | Lair:4   | Found a staircase to the Slime Pits.
 12799 | Lair:4   | 12799 ||| INVOKING Heroism.
 13034 | Lair:4   | 13034 ||| INVOKING Heroism.
 13035 | Lair:4   | 13035 ||| INVOKING Finesse.
 13280 | Lair:4   | 13280 ||| DRINKING 2 white potions.
 13335 | Lair:5   | Entered Level 5 of the Lair of Beasts
 13336 | Lair:5   | 13336 ||| INVOKING Heroism.
 13337 | Lair:5   | 13337 ||| STAIRDANCE
 13342 | Lair:4   | Received a gift from Okawaru
 13383 | Lair:5   | 13383 ||| STAIRDANCE
 13386 | Lair:4   | 13386 ||| INVOKING Heroism.
 13509 | Lair:5   | 13509 ||| STAIRDANCE
 13613 | Lair:5   | 13613 ||| INVOKING Heroism.
 13621 | Lair:5   | Reached skill level 14 in Axes
 13661 | Lair:5   | 13661 ||| INVOKING Heroism.
 13677 | Lair:5   | Identified the +4 spear of Blood {elec, *Slow rElec rF+++
                  | Int+4} (Okawaru gifted it to you on level 5 of the Lair of
                  | Beasts)
 13677 | Lair:5   | Received a gift from Okawaru
 13759 | Lair:5   | Noticed qw's ghost (journeyman GrFi)
 13760 | Lair:5   | Found a runed translucent gate.
 13761 | Lair:5   | Found a runed translucent gate.
 13767 | Lair:5   | Found a runed translucent gate.
 13787 | Lair:5   | 13787 ||| INVOKING Heroism.
 13788 | Lair:5   | 13788 ||| INVOKING Finesse.
 13798 | Lair:5   | 13798 ||| SWAPPING to +0 morningstar.
 13802 | Lair:5   | 13802 ||| Stepping ~*~*~tactically~*~*~ (outnumbered).
 13826 | Lair:5   | HP: 20/83 [seven-headed hydra (1)]
 13827 | Lair:5   | 13827 ||| READING 2 scrolls of teleportation.
 13828 | Lair:5   | 13828 ||| DRINKING 4 potions of heal wounds.
 13835 | Lair:5   | 13835 ||| SWAPPING to +6 war axe "Moaxis" {venom, +Blink
                  | rElec Str+4 Dex+3}.
 13917 | Lair:5   | 13917 ||| INVOKING Heroism.
 13918 | Lair:5   | 13918 ||| INVOKING Finesse.
 13922 | Lair:5   | 13922 ||| SWAPPING to +0 morningstar.
 13929 | Lair:5   | 13929 ||| SWAPPING to +6 war axe "Moaxis" {venom, +Blink
                  | rElec Str+4 Dex+3}.
 13931 | Lair:5   | 13931 ||| Stepping ~*~*~tactically~*~*~ (stealth).
 14060 | Lair:5   | 14060 ||| INVOKING Heroism.
 14061 | Lair:5   | 14061 ||| INVOKING Finesse.
 14212 | Lair:5   | 14212 ||| INVOKING Heroism.
 14213 | Lair:5   | 14213 ||| INVOKING Finesse.
 14217 | Lair:5   | 14217 ||| SWAPPING to +0 morningstar.
 14228 | Lair:5   | 14228 ||| SWAPPING to +6 war axe "Moaxis" {venom, +Blink
                  | rElec Str+4 Dex+3}.
 14252 | Lair:5   | 14252 ||| Stepping ~*~*~tactically~*~*~ (stealth).
 14278 | Lair:5   | 14278 ||| INVOKING Heroism.
 14373 | Lair:5   | 14373 ||| INVOKING Heroism.
 14374 | Lair:5   | 14374 ||| Stepping ~*~*~tactically~*~*~ (stealth).
 14376 | Lair:5   | 14376 ||| INVOKING Finesse.
 14398 | Lair:5   | 14398 ||| Stepping ~*~*~tactically~*~*~ (stealth).
 14405 | Lair:5   | Gained mutation: Your large and strong wings let you fly.
                  | [Gargoyle growth]
 14405 | Lair:5   | Reached XP level 14. HP: 78/90 MP: 16/21
 14444 | Lair:5   | Reached skill level 15 in Axes
 14494 | Lair:5   | 14494 ||| INVOKING Heroism.
 14495 | Lair:5   | 14495 ||| INVOKING Finesse.
 14496 | Lair:5   | 14496 ||| INVOKING Finesse.
 14517 | Lair:5   | Reached skill level 3 in Dodging
 14731 | Lair:5   | 14731 ||| INVOKING Heroism.
 14815 | Lair:5   | 14815 ||| INVOKING Heroism.
 14837 | Lair:5   | Received a gift from Okawaru
 14887 | Lair:5   | 14887 ||| INVOKING Heroism.
 14900 | Lair:5   | 14900 ||| DROPPING +0 morningstar.
 14928 | Lair:5   | 14928 ||| Stepping ~*~*~tactically~*~*~ (stealth).
 14940 | Lair:5   | 14940 ||| INVOKING Heroism.
 14957 | Lair:5   | 14957 ||| INVOKING Finesse.
 14989 | Lair:5   | 14989 ||| Stepping ~*~*~tactically~*~*~ (stealth).
 15001 | Lair:5   | 15001 ||| Stepping ~*~*~tactically~*~*~ (stealth).
 15033 | Lair:5   | 15033 ||| FLEEEEING.
 15034 | Lair:5   | 15034 ||| FLEEEEING.
 15051 | Lair:5   | 15051 ||| FLEEEEING.
 15080 | Lair:5   | 15080 ||| Stepping ~*~*~tactically~*~*~ (stealth).
 15081 | Lair:5   | 15081 ||| Stepping ~*~*~tactically~*~*~ (stealth).
 15085 | Lair:5   | 15085 ||| Stepping ~*~*~tactically~*~*~ (stealth).
 15087 | Lair:5   | 15087 ||| Stepping ~*~*~tactically~*~*~ (stealth).
 15123 | Lair:5   | 15123 ||| INVOKING Heroism.
 15127 | Lair:5   | 15127 ||| INVOKING Finesse.
 15220 | Lair:5   | 15220 ||| Stepping ~*~*~tactically~*~*~ (stealth).
 15230 | Lair:5   | Reached skill level 12 in Fighting
 15321 | Lair:5   | 15321 ||| Stepping ~*~*~tactically~*~*~ (stealth).
 15329 | Lair:5   | 15329 ||| Stepping ~*~*~tactically~*~*~ (stealth).
 15330 | Lair:5   | 15330 ||| Stepping ~*~*~tactically~*~*~ (stealth).
 15336 | Lair:5   | 15336 ||| INVOKING Heroism.
 15443 | Lair:5   | 15443 ||| Stepping ~*~*~tactically~*~*~ (hiding).
 15446 | Lair:5   | 15446 ||| INVOKING Heroism.
 15545 | Lair:5   | 15545 ||| Stepping ~*~*~tactically~*~*~ (stealth).
 15598 | Lair:5   | 15598 ||| INVOKING Heroism.
 15599 | Lair:5   | 15599 ||| INVOKING Finesse.
 15728 | Lair:5   | 15728 ||| INVOKING Heroism.
 16088 | Lair:5   | 16088 ||| PLANNING D:1-11
 16088 | Lair:5   | 16088 ||| UPGRADING to ring of willpower.
 16089 | Lair:5   | 16089 ||| READING scroll labelled URIEHUGEIROKK.
 16222 | D:9      | Found a sparkling altar of Nemelex Xobeh.
 16336 | D:9      | 16336 ||| INVOKING Heroism.
 16395 | D:9      | Found a hide-covered altar of Uskayaw.
 16586 | D:9      | 16586 ||| Stepping ~*~*~tactically~*~*~ (stealth).
 16588 | D:9      | 16588 ||| Stepping ~*~*~tactically~*~*~ (stealth).
 16590 | D:9      | 16590 ||| INVOKING Heroism.
 16591 | D:9      | 16591 ||| Stepping ~*~*~tactically~*~*~ (stealth).
 16651 | D:9      | Found a staircase to the Orcish Mines.
 16652 | D:9      | 16652 ||| INVOKING Heroism.
 16793 | D:9      | Identified the +4 falchion "Killer Klown's Curse" {vorpal,
                  | rCorr}
 17130 | D:9      | 17130 ||| Stepping ~*~*~tactically~*~*~ (hiding).
 17131 | D:9      | 17131 ||| Stepping ~*~*~tactically~*~*~ (hiding).
 17140 | D:9      | 17140 ||| Stepping ~*~*~tactically~*~*~ (hiding).
 17395 | D:10     | Entered Level 10 of the Dungeon
 17468 | D:10     | Found a flagged portal.
 17562 | D:10     | Found a runed translucent door.
 17586 | D:10     | 17586 ||| Stepping ~*~*~tactically~*~*~ (stealth).
 17677 | D:10     | Found a snail-covered altar of Cheibriados.
 17694 | D:10     | Found an ancient bone altar of Kikubaaqudgha.
 17843 | D:10     | 17843 ||| Stepping ~*~*~tactically~*~*~ (stealth).
 17850 | D:10     | 17850 ||| Stepping ~*~*~tactically~*~*~ (stealth).
 17915 | D:10     | 17915 ||| Stepping ~*~*~tactically~*~*~ (hiding).
 17929 | D:10     | 17929 ||| Stepping ~*~*~tactically~*~*~ (stealth).
 17935 | D:10     | 17935 ||| Stepping ~*~*~tactically~*~*~ (stealth).
 17942 | D:10     | 17942 ||| Stepping ~*~*~tactically~*~*~ (stealth).
 17944 | D:10     | 17944 ||| Stepping ~*~*~tactically~*~*~ (stealth).
 17946 | D:10     | 17946 ||| Stepping ~*~*~tactically~*~*~ (hiding).
 17950 | D:10     | Reached skill level 16 in Axes
 18010 | D:10     | 18010 ||| Stepping ~*~*~tactically~*~*~ (hiding).
 18011 | D:10     | 18011 ||| INVOKING Heroism.
 18061 | D:10     | 18061 ||| Stepping ~*~*~tactically~*~*~ (hiding).
 18063 | D:10     | 18063 ||| INVOKING Heroism.
 18068 | D:10     | HP: 14/92 [mirror damage (14)]
 18069 | D:10     | 18069 ||| READING 2 scrolls of teleportation.
 18069 | D:10     | Slain by a cyclops

Levels and vault maps discovered:
D:1:      wander_arrival_lonely_grave, layout_basic
D:2:      layout_loops_ring
D:3:      minmay_door_path, layout_basic, zin_statuary, basic_ecumenical_altar
D:4:      layout_cave_pools, gup_sewer_entry_bubbles, serial_shops,
          kennysheep_little_box, minmay_misc_feat_room,
          dreamdust_mushroom_princess, uniq_grinder
D:5:      layout_basic, mainiacjoe_overflow_two_lobes,
          minmay_temple_entry_slanted, kennysheep_cluttered_room, uniq_edmund
D:6:      layout_basic, ashenzari_altar_1, lightli_temple_of_fire
D:7:      layout_loops_corners, grunt_qazlal_clouds,
          minmay_misc_feat_secret_circle, uniq_menkaure
D:8:      layout_rooms, mainiacjoe_overflow_alcove_4, lair_entry_dummy,
          serial_demonic, serial_demonic_a, serial_demonic_g, serial_demonic_b,
          serial_demonic_c, serial_demonic_f, serial_demonic_g,
          minmay_lizard_king, uniq_joseph, uniq_prince_ribbit1
D:9:      layout_basic, nicolae_overflow_crystal_walls,
          nicolae_uskayaw_en_pointe, zombieorc2_lemuel
D:10:     minmay_the_grid_four_pointed_star [minmay_the_grid_triangle_9x9_sprig,
          minmay_the_grid_triangle_9x9_subtriangle,
          minmay_the_grid_triangle_9x9_flanged_cone,
          minmay_the_grid_triangle_9x9_sparse_checkered,
          minmay_the_grid_prize_four_corners], layout_loops_ring,
          grunt_temple_overflow_open, enter_bailey_5
Temple:   bh_familiar_temple
Lair:1:   layout_layer_cave, st_stairs_13
Lair:2:   layout_cave_pods, portal_ice_cave_entry_imps,
          infiniplex_staircase_pool_2
Lair:3:   layout_cave_pods, elwin_shoals_entry_stream,
          nicolae_spider_entry_tight_spaces, serial_bayou_shore_b
Lair:4:   layout_loops_ring, minmay_slime_entry_oklob_enclosed, uniq_urug
Lair:5:   minmay_lair_end_enchanted_forest, layout_gridlike,
          gammafunk_ghost_split

Skill      XL: |  1  2  3  4  5  6  7  8  9 10 11 12 13 14 |
---------------+-------------------------------------------+-----
Axes           | 2 3 5 6 7 9 10 11 13 14 16 | 16.0
Fighting       | 5 7 8 9 10 11 12 | 12.0
Dodging        | 1 2 3 |  3.1
Armour         | 4 6 7 8 9 10 11 | 11.0
Invocations    | 1 4 5 9 10 | 10.0
Throwing       | 2 3 4 5 |  5.0
Shields        | 4 5 6 7 8 |  8.1

Action                   |  1- 3 |  4- 6 |  7- 9 | 10-12 | 13-15 || total
-------------------------+-------+-------+-------+-------+-------++-------
Melee: War axe           |    68 |   115 |   184 |   381 |   633 ||  1381
       Morningstar       |       |       |       |    12 |    58 ||    70
Throw: Boomerang         |       |       |    34 |    48 |    58 ||   140
       Javelin           |       |       |    11 |    27 |    59 ||    97
Invok: Heroism           |       |       |    14 |    24 |    31 ||    69
       Finesse           |       |       |       |     1 |    13 ||    14
  Use: Scroll            |     3 |     7 |     6 |     3 |     3 ||    22
       Potion            |     1 |     3 |     2 |       |     2 ||     8
 Stab: Distracted        |       |       |       |     1 |     1 ||     2
Armor: Scale mail        |    26 |       |       |       |       ||    26
       Plate armour      |       |    79 |   105 |   221 |   418 ||   823
Dodge: Dodged            |    21 |    22 |    46 |   118 |   205 ||   412
Block: Buckler           |    11 |    14 |    36 |    80 |   152 ||   293

Table legend:
 A = Non-vault XP
 B = Vault XP
 C = Vault XP percentage of total XP
 D = Non-vault monster count
 E = Vault monster count
 F = Vault count percentage of total count
                 A         B        C        D         E       F
            +---------+---------+-------+---------+---------+-------
      Total |   63317 |   20100 |  24.1 |     360 |     150 |  29.4
            +---------+---------+-------+---------+---------+-------
        D:1 |      15 |       0 |   0.0 |       8 |       0 |   0.0
        D:2 |      67 |       0 |   0.0 |      13 |       0 |   0.0
        D:3 |      51 |       7 |  12.1 |      20 |       2 |   9.1
        D:4 |     156 |     290 |  65.0 |       9 |       6 |  40.0
        D:5 |     946 |     158 |  14.3 |      37 |       1 |   2.6
        D:6 |     208 |       0 |   0.0 |       6 |       0 |   0.0
        D:7 |    1239 |     172 |  12.2 |      32 |       1 |   3.0
        D:8 |     988 |    1352 |  57.8 |      21 |      21 |  50.0
        D:9 |    4084 |     625 |  13.3 |      21 |      36 |  63.2
       D:10 |    1420 |    2800 |  66.4 |      18 |      13 |  41.9
     Lair:1 |    8446 |      84 |   1.0 |      30 |       1 |   3.2
     Lair:2 |    5860 |     123 |   2.1 |      21 |      12 |  36.4
     Lair:3 |    7276 |    2810 |  27.9 |      35 |      10 |  22.2
     Lair:4 |    8749 |    1875 |  17.6 |      32 |       3 |   8.6
     Lair:5 |   23812 |    9804 |  29.2 |      57 |      44 |  43.6
            +---------+---------+-------+---------+---------+-------
